 Dungeon Crawl Stone Soup version 0.29.0-4-gdea44cf6ec (webtiles) character file.

Game seed: 5489550285483148622

2587 qw the Grappler (level 9, -1/84 HPs)
             Began as a Troll Cinder Acolyte on Aug 31, 2022.
             Was a Priest of Ignis.
             Slain by Gastronok (19 damage)
             ... on level 8 of the Dungeon.
             The game lasted 00:03:05 (4934 turns).

qw the Grappler (Troll Cinder Acolyte)              Turns: 4934, Time: 00:03:06

Health: -1/84      AC: 12    Str: 34    XL:     9   Next: 32%
Magic:  9/9        EV:  9    Int: 10    God:    Ignis [***...]
Gold:   191        SH:  0    Dex:  5    Spells: 10/10 levels left

rFire   + + .      SeeInvis .     - Unarmed
rCold   + + .      Faith    .   (no shield)
rNeg    + . .      Spirit   .   b - +2 robe {Will+}
rPois   +          Reflect  .   a - -2 hat of the Alchemist {rElec rPois rF+ rC+ rN+ Will+ rMut rCorr}
rElec   +          Harm     .   n - +0 cloak
rCorr   +          Rampage  .   (gloves unavailable)
rMut    +                       (boots unavailable)
Will    ++...                   (no amulet)
Stlth   +.........              g - +6 ring of strength
HPRegen 1.04/turn               m - ring of protection from cold
MPRegen 0.11/turn

@: fiery-armoured
A: large, unfitting armour, claws 3, regeneration 1, shaggy fur 1, tough skin 1
a: Renounce Religion, Fiery Armour, Foxfire Swarm, Rising Flame


You were on level 8 of the Dungeon.
You worshipped Ignis.
Ignis was most pleased with you.
You visited 1 branch of the dungeon, and saw 8 of its levels.

You collected 401 gold pieces.
You spent 210 gold pieces at shops.


Innate Abilities, Weirdness & Mutations

You are too large for most types of armour.
You have claws for hands.
Your natural rate of healing is unusually fast.
You are covered in fur. (AC +1)
You have tough skin. (AC +1)


   Skills:
 + Level 4.1 Fighting
 - Level 1.1 Dodging
 - Level 12.2 Unarmed Combat
 - Level 1.0 Spellcasting
 - Level 2.1 Fire Magic


You had 10 spell levels left.
You didn't know any spells.
Your spell library contained the following spells:

 Spells                   Type           Power      Damage    Failure   Level
 Scorch                   Fire           8%         2d5       22%         2

Inventory:

Armour
 a - the -2 hat of the Alchemist (worn) {rElec rPois rF+ rC+ rN+ Will+ rMut rCorr}
   (You acquired it on level 1 of the Dungeon)

   rF:        It protects you from fire.
   rC:        It protects you from cold.
   rElec:     It insulates you from electricity.
   rPois:     It protects you from poison.
   rN:        It protects you from negative energy.
   rCorr:     It protects you from acid and corrosion.
   rMut:      It protects you from mutation.
   Will:      It increases your willpower.
 b - a +2 robe of willpower (worn)
 n - a +0 cloak (worn)
Jewellery
 e - a ring of fire
 g - a +6 ring of strength (left claw)
 m - a ring of protection from cold (right claw)
Scrolls
 h - 2 scrolls of identify
 j - a scroll of enchant weapon
Potions
 c - 2 potions of mutation
 f - a potion of resistance
 i - 5 potions of curing
 l - a potion of cancellation
 o - a potion of might

Dungeon Overview and Level Annotations

Branches:
Dungeon (8/15)             Temple (0/1) D:7
   Lair: D:8-11

Altars:
Nemelex Xobeh
Sif Muna
Wu Jian
Xom

Shops:
D:6 [   D:7 !

Annotations:
D:4 2 transporters, qw's ghost, amateur TrCA
D:5 1 runed translucent door, qw's ghost, amateur TeWr
D:8 Gastronok


Message History

You feel much better.
Your surroundings suddenly seem different.
Gastronok the Ponderous comes into view.
He is wearing the +3 hat of Pondering {ponderous, Will+ MP+10 Int+5}.
Found a scroll of blinking, a scroll of acquirement and a Grand Grimoire.
Found a stone staircase leading down.
Gastronok waves his eye-stalks in wide circles.
The air twists around and strikes you!!
4923 ||| DRINKING 2 potions of heal wounds.
You feel much better.
You mangle Gastronok!!
Gastronok is lightly wounded.
Gastronok bites you but does no damage.
You mangle Gastronok!!
Gastronok is moderately wounded.
You mangle Gastronok!! You claw Gastronok, but do no damage.
Gastronok is moderately wounded.
You scratch Gastronok.
Gastronok is heavily wounded.
Gastronok waves his eye-stalks in wide circles.
The air twists around and strikes you!!
4928 ||| DRINKING potion of heal wounds.
You feel much better.
You claw Gastronok!
Gastronok is heavily wounded.
Gastronok barely misses you.
You claw Gastronok!
Gastronok is heavily wounded.
You scratch Gastronok. You claw Gastronok!
Gastronok is severely wounded.
You scratch Gastronok.
Gastronok is severely wounded.
Gastronok bites you!!
Gastronok is burned by your cloak of flames.
Gastronok is severely wounded.
You mangle Gastronok!!
Gastronok is almost dead.
You mangle Gastronok!!
Gastronok is almost dead.
Gastronok bites you!!
You die...

#..# ##... # ######
....:. .##...#.. ....>.
.........
......##........
..?...........?.
................ #.
................ #.#
......##@#.....
..$......###w..####
......#...#....###
#...##.#.#..#...#
.#......)....###.#######
..............##.#......
......)$..............##
...#...z.......#........
. #............#....###


You could see Gastronok.

Vanquished Creatures
  A two-headed ogre (D:8)
  A steam dragon (D:7)
  3 orc warriors
  A sky beast (D:7)
  2 centaurs
  A necrophage (D:6)
  8 scorpions (D:5)
  2 howler monkeys
  6 orc priests
  2 gnoll boudas
  2 hounds
  Ijyb (D:3)
  Natasha (thrice) (D:3)
  14 gnolls
  12 adders
  2 white imps
  2 worms (D:2)
  A dart slug (D:1)
  18 orcs
  4 ball pythons
  7 endoplasms
  3 giant cockroaches
  4 hobgoblins
  6 jackals (D:1)
  4 kobolds
  2 quokkas
  12 bats
  3 frilled lizards
  7 goblins
  6 rats
140 creatures vanquished.

Vanquished Creatures (others)
  5 fungi (D:5)
5 creatures vanquished.

Grand Total: 145 creatures vanquished

Notes
Turn   | Place    | Note
-------+----------+-------------------------------------------
     0 | D:1      | qw the Troll Cinder Acolyte began the quest for the Orb.
     0 | D:1      | Reached XP level 1. HP: 22/22 MP: 1/1
     0 | D:1      | 0 ||| qw: Version: 0.1-a-97-g2dd2ca4
     0 | D:1      | 0 ||| qw: Game counter: 4553
     0 | D:1      | 0 ||| qw: Always use a shield: true
     0 | D:1      | 0 ||| qw: God list: Okawaru
     0 | D:1      | 0 ||| qw: Allow faded altars: false
     0 | D:1      | 0 ||| qw: Do Orc after D:15 true
     0 | D:1      | 0 ||| qw: Do second Lair branch before Depths: true
     0 | D:1      | 0 ||| qw: Lair rune preference: random
     0 | D:1      | 0 ||| qw: Plans: Normal
     0 | D:1      | 0 ||| PLANNING D:1-11
   205 | D:1      | Found a faded altar of an unknown god.
   246 | D:1      | Reached XP level 2. HP: 29/29 MP: 2/2
   268 | D:1      | 268 ||| Stepping ~*~*~tactically~*~*~ (stealth).
   270 | D:1      | 270 ||| INVOKING Fiery Armour.
   271 | D:1      | 271 ||| Stepping ~*~*~tactically~*~*~ (outnumbered).
   493 | D:1      | 493 ||| Stepping ~*~*~tactically~*~*~ (hiding).
   503 | D:1      | Reached skill level 4 in Unarmed Combat
   559 | D:1      | Reached XP level 3. HP: 36/36 MP: 3/3
   789 | D:1      | 789 ||| UPGRADING to +2 robe of willpower.
   799 | D:1      | 799 ||| DROPPING +0 robe.
   800 | D:1      | 800 ||| READING scroll labelled GAULON GOHOS.
   801 | D:1      | 801 ||| READING scroll labelled WAUSOH DESMEIR.
   802 | D:1      | 802 ||| READING scroll labelled UMIMIA ENAESASM.
   802 | D:1      | Identified a scroll of acquirement
   802 | D:1      | 802 ||| ACQUIRING -2 hat of the Alchemist {rElec rPois rF+
                  | rC+ rN+ Will+ rMut rCorr}
   802 | D:1      | Acquired the -2 hat of the Alchemist {rElec rPois rF+ rC+
                  | rN+ Will+ rMut rCorr}
   802 | D:1      | Found the -2 hat of the Alchemist {rElec rPois rF+ rC+ rN+
                  | Will+ rMut rCorr}
   804 | D:1      | 804 ||| UPGRADING to -2 hat of the Alchemist {rElec rPois
                  | rF+ rC+ rN+ Will+ rMut rCorr}.
   809 | D:1      | 809 ||| READING scroll labelled LIETWYNKOLAMN.
   810 | D:1      | 810 ||| READING scroll labelled FOTWUL MIHASTU.
   811 | D:1      | 811 ||| DRINKING 3 amethyst potions.
   890 | D:2      | 890 ||| Stepping ~*~*~tactically~*~*~ (stealth).
   892 | D:2      | 892 ||| Stepping ~*~*~tactically~*~*~ (stealth).
   910 | D:2      | 910 ||| Stepping ~*~*~tactically~*~*~ (stealth).
   929 | D:2      | 929 ||| Stepping ~*~*~tactically~*~*~ (stealth).
  1500 | D:2      | Reached XP level 4. HP: 44/44 MP: 4/4
  1665 | D:2      | Reached skill level 5 in Unarmed Combat
  1790 | D:2      | 1790 ||| UPGRADING to +6 ring of strength.
  1791 | D:2      | 1791 ||| READING scroll labelled CUQOGG QOW RUO.
  1792 | D:2      | 1792 ||| READING 4 scrolls labelled PUEXZUELOO.
  1793 | D:2      | 1793 ||| READING 3 scrolls of identify.
  1793 | D:2      | 1793 ||| IDENTIFYING green potion
  1794 | D:2      | 1794 ||| READING 2 scrolls of identify.
  1794 | D:2      | 1794 ||| IDENTIFYING white potion
  1795 | D:2      | 1795 ||| DROPPING potion of degeneration.
  1796 | D:2      | 1796 ||| DROPPING potion of berserk rage.
  1830 | D:3      | Noticed Ijyb
  1835 | D:3      | Noticed Natasha
  1836 | D:3      | 1836 ||| INVOKING Fiery Armour.
  1841 | D:3      | Killed Ijyb
  1842 | D:3      | Killed Natasha
  1899 | D:3      | Reached XP level 5. HP: 50/50 MP: 5/5
  1946 | D:3      | 1946 ||| Stepping ~*~*~tactically~*~*~ (outnumbered).
  1948 | D:3      | 1948 ||| Stepping ~*~*~tactically~*~*~ (outnumbered).
  1964 | D:3      | Reached skill level 6 in Unarmed Combat
  2015 | D:3      | Found an ornate altar of the Wu Jian Council.
  2083 | D:3      | 2083 ||| FLEEEEING.
  2084 | D:3      | 2084 ||| FLEEEEING.
  2085 | D:3      | 2085 ||| FLEEEEING.
  2086 | D:3      | 2086 ||| FLEEEEING.
  2087 | D:3      | 2087 ||| FLEEEEING.
  2088 | D:3      | 2088 ||| FLEEEEING.
  2089 | D:3      | 2089 ||| FLEEEEING.
  2090 | D:3      | 2090 ||| FLEEEEING.
  2091 | D:3      | 2091 ||| FLEEEEING.
  2092 | D:3      | 2092 ||| FLEEEEING.
  2093 | D:3      | 2093 ||| FLEEEEING.
  2118 | D:3      | Noticed Natasha
  2119 | D:3      | 2119 ||| Stepping ~*~*~tactically~*~*~ (stealth).
  2122 | D:3      | 2122 ||| INVOKING Fiery Armour.
  2126 | D:3      | Killed Natasha
  2353 | D:3      | Noticed Natasha
  2354 | D:3      | 2354 ||| Stepping ~*~*~tactically~*~*~ (hiding).
  2363 | D:3      | Killed Natasha
  2364 | D:3      | Reached XP level 6. HP: 39/59 MP: 6/6
  2516 | D:3      | 2516 ||| READING scroll labelled UVIPARGHYWY.
  2541 | D:3      | 2541 ||| READING 3 scrolls of identify.
  2541 | D:3      | 2541 ||| IDENTIFYING orange potion
  2542 | D:3      | 2542 ||| READING 2 scrolls of identify.
  2542 | D:3      | 2542 ||| IDENTIFYING black potion
  2618 | D:4      | 2618 ||| Stepping ~*~*~tactically~*~*~ (stealth).
  2621 | D:4      | 2621 ||| Stepping ~*~*~tactically~*~*~ (stealth).
  2622 | D:4      | 2622 ||| Stepping ~*~*~tactically~*~*~ (stealth).
  2623 | D:4      | 2623 ||| Stepping ~*~*~tactically~*~*~ (stealth).
  2625 | D:4      | 2625 ||| Stepping ~*~*~tactically~*~*~ (stealth).
  2628 | D:4      | 2628 ||| Stepping ~*~*~tactically~*~*~ (stealth).
  2642 | D:4      | Reached skill level 7 in Unarmed Combat
  2651 | D:4      | Found a shimmering blue altar of Sif Muna.
  2697 | D:4      | Found a transporter.
  2697 | D:4      | Noticed qw's ghost (amateur TrCA)
  2722 | D:4      | Found a transporter.
  2777 | D:4      | Found a shimmering altar of Xom.
  2973 | D:4      | 2973 ||| DRINKING 2 bubbling amethyst potions.
  2974 | D:4      | 2974 ||| DRINKING 2 glowing purple potions.
  2996 | D:4      | 2996 ||| READING scroll labelled TEACRUTHR SIFFEJE.
  3001 | D:4      | 3001 ||| DROPPING potion of magic.
  3002 | D:4      | 3002 ||| DROPPING potion of ambrosia.
  3016 | D:5      | Entered Level 5 of the Dungeon
  3028 | D:5      | 3028 ||| Stepping ~*~*~tactically~*~*~ (hiding).
  3032 | D:5      | 3032 ||| INVOKING Fiery Armour.
  3035 | D:5      | 3035 ||| Stepping ~*~*~tactically~*~*~ (outnumbered).
  3037 | D:5      | 3037 ||| Stepping ~*~*~tactically~*~*~ (outnumbered).
  3069 | D:5      | 3069 ||| Stepping ~*~*~tactically~*~*~ (hiding).
  3070 | D:5      | 3070 ||| Stepping ~*~*~tactically~*~*~ (hiding).
  3081 | D:5      | 3081 ||| Stepping ~*~*~tactically~*~*~ (outnumbered).
  3082 | D:5      | 3082 ||| Stepping ~*~*~tactically~*~*~ (outnumbered).
  3087 | D:5      | Reached skill level 8 in Unarmed Combat
  3088 | D:5      | Reached XP level 7. HP: 47/66 MP: 7/7
  3167 | D:5      | 3167 ||| Stepping ~*~*~tactically~*~*~ (stealth).
  3172 | D:5      | 3172 ||| Stepping ~*~*~tactically~*~*~ (stealth).
  3184 | D:5      | 3184 ||| Stepping ~*~*~tactically~*~*~ (hiding).
  3186 | D:5      | 3186 ||| Stepping ~*~*~tactically~*~*~ (stealth).
  3299 | D:5      | Reached skill level 3 in Fighting
  3435 | D:5      | Reached skill level 9 in Unarmed Combat
  3439 | D:5      | Reached skill level 1 in Dodging
  3481 | D:5      | Found the +7 Singing Sword {vorpal, sonic wave}
  3494 | D:5      | Reached XP level 8. HP: 75/75 MP: 8/8
  3648 | D:5      | Found a runed translucent door.
  3649 | D:5      | Noticed qw's ghost (amateur TeWr)
  3785 | D:5      | 3785 ||| UPGRADING to +0 cloak.
  3790 | D:5      | 3790 ||| DROPPING ring of ice.
  3791 | D:5      | 3791 ||| UPGRADING to ring of protection from cold.
  3792 | D:5      | 3792 ||| READING scroll labelled PYITUYTANTA.
  3793 | D:5      | 3793 ||| READING 3 scrolls of identify.
  3793 | D:5      | 3793 ||| IDENTIFYING metallic brown potion
  3794 | D:5      | 3794 ||| DROPPING potion of lignification.
  3802 | D:6      | Found Xeipezxu's Armour Shop.
  3805 | D:6      | 3805 ||| SHOPLISTING +2 robe of fire resistance (247 gold,
                  | have 223).
  3805 | D:6      | 3805 ||| SHOPLISTING +3 cloak "Muuraxip" {rCorr Dex+2} (508
                  | gold, have 223).
  3871 | D:6      | 3871 ||| Stepping ~*~*~tactically~*~*~ (stealth).
  3873 | D:6      | 3873 ||| Stepping ~*~*~tactically~*~*~ (hiding).
  3875 | D:6      | 3875 ||| Stepping ~*~*~tactically~*~*~ (hiding).
  3908 | D:6      | 3908 ||| FLEEEEING.
  3974 | D:6      | Reached skill level 10 in Unarmed Combat
  4199 | D:6      | Found a sparkling altar of Nemelex Xobeh.
  4382 | D:6      | 4382 ||| DROPPING ring of flight.
  4383 | D:6      | 4383 ||| READING scroll labelled LEVYNN WAKUNN.
  4384 | D:6      | 4384 ||| DRINKING 2 grey potions.
  4385 | D:6      | 4385 ||| READING 4 scrolls of identify.
  4385 | D:6      | 4385 ||| IDENTIFYING viscous dark potion
  4434 | D:7      | 4434 ||| Stepping ~*~*~tactically~*~*~ (stealth).
  4436 | D:7      | 4436 ||| INVOKING Fiery Armour.
  4514 | D:7      | 4514 ||| Stepping ~*~*~tactically~*~*~ (stealth).
  4515 | D:7      | 4515 ||| Stepping ~*~*~tactically~*~*~ (stealth).
  4531 | D:7      | 4531 ||| Stepping ~*~*~tactically~*~*~ (outnumbered).
  4532 | D:7      | 4532 ||| Stepping ~*~*~tactically~*~*~ (outnumbered).
  4533 | D:7      | 4533 ||| Stepping ~*~*~tactically~*~*~ (outnumbered).
  4534 | D:7      | 4534 ||| Stepping ~*~*~tactically~*~*~ (outnumbered).
  4535 | D:7      | 4535 ||| STAIRDANCE
  4537 | D:6      | 4537 ||| Stepping ~*~*~tactically~*~*~ (outnumbered).
  4538 | D:6      | 4538 ||| Stepping ~*~*~tactically~*~*~ (outnumbered).
  4539 | D:6      | 4539 ||| Stepping ~*~*~tactically~*~*~ (outnumbered).
  4543 | D:6      | 4543 ||| DROPPING amulet of magic regeneration.
  4544 | D:6      | 4544 ||| READING scroll labelled XEMUFACIZI.
  4545 | D:6      | 4545 ||| READING 4 scrolls of identify.
  4545 | D:6      | 4545 ||| IDENTIFYING metallic coppery potion
  4546 | D:6      | 4546 ||| DROPPING potion of attraction.
  4568 | D:7      | Reached skill level 11 in Unarmed Combat
  4638 | D:7      | Found Pantowoe's Distillery.
  4684 | D:7      | 4684 ||| BUYING potion of cancellation (80 gold).
  4684 | D:7      | Bought a potion of cancellation for 80 gold pieces
  4684 | D:7      | 4684 ||| BUYING potion of curing (30 gold).
  4684 | D:7      | Bought a potion of curing for 30 gold pieces
  4684 | D:7      | 4684 ||| BUYING potion of heal wounds (50 gold).
  4684 | D:7      | Bought a potion of heal wounds for 50 gold pieces
  4684 | D:7      | 4684 ||| BUYING potion of heal wounds (50 gold).
  4684 | D:7      | Bought a potion of heal wounds for 50 gold pieces
  4768 | D:7      | 4768 ||| Stepping ~*~*~tactically~*~*~ (hiding).
  4842 | D:7      | Found a staircase to the Ecumenical Temple.
  4871 | D:7      | 4871 ||| READING 3 scrolls of identify.
  4871 | D:7      | 4871 ||| IDENTIFYING cyan potion
  4872 | D:7      | 4872 ||| DROPPING potion of flight.
  4906 | D:8      | Noticed a two-headed ogre
  4913 | D:8      | 4913 ||| Stepping ~*~*~tactically~*~*~ (hiding).
  4915 | D:8      | 4915 ||| INVOKING Fiery Armour.
  4915 | D:8      | HP: 11/78 [two-headed ogre/+0 giant club (15)]
  4916 | D:8      | 4916 ||| READING scroll of teleportation.
  4917 | D:8      | 4917 ||| DRINKING 6 potions of heal wounds.
  4918 | D:8      | 4918 ||| DRINKING 5 potions of heal wounds.
  4919 | D:8      | 4919 ||| DRINKING 4 potions of heal wounds.
  4920 | D:8      | HP: 11/78 [two-headed ogre/+0 giant club (17)]
  4920 | D:8      | Killed a two-headed ogre
  4921 | D:8      | Reached skill level 12 in Unarmed Combat
  4921 | D:8      | Reached XP level 9. HP: 12/84 MP: 9/9
  4921 | D:8      | 4921 ||| DRINKING 3 potions of heal wounds.
  4921 | D:8      | Noticed Gastronok
  4923 | D:8      | 4923 ||| DRINKING 2 potions of heal wounds.
  4927 | D:8      | HP: 16/84 [Gastronok/the air (30)]
  4928 | D:8      | 4928 ||| DRINKING potion of heal wounds.
  4932 | D:8      | HP: 17/84 [Gastronok (30)]
  4934 | D:8      | Slain by Gastronok

Levels and vault maps discovered:
D:1:      scummos_arrival_checkerplants, layout_basic,
          hellmonk_ecumenical_altar_heavens_door
D:2:      layout_loops_corners
D:3:      layout_loops_ring, pdpol_wu_jian_five_deadly_venoms, uniq_ijyb,
          uniq_natasha
D:4:      layout_rooms, mainiacjoe_overflow_24_doors,
          nicolae_sif_muna_little_library, gammafunk_ghost_arena
D:5:      old_forge, layout_rooms, ebering_ghost_reflecting_pool
D:6:      layout_basic, nemelex_xobeh_ov_fountains_minmay, serial_shops,
          nicolae_stop_n_shop_2, nrook_campfire
D:7:      layout_cave_pools, temple_green, serial_shops,
          nicolae_shop_hallway_stairs
D:8:      layout_rooms, kiku_gazebo_pond_becter, minmay_nine_imps,
          uniq_gastronok, uniq_maurice

Skill      XL: |  1  2  3  4  5  6  7  8 |
---------------+-------------------------+-----
Unarmed Combat | 4 5 6 8 9 12 | 12.2
Fighting       | 3 4 |  4.1
Dodging        | 1 |  1.1
Spellcasting   | |  1.0
Fire Magic     | |  2.1

Action                   |  1- 3 |  4- 6 |  7- 9 || total
-------------------------+-------+-------+-------++-------
Melee: Unarmed           |   108 |   127 |   152 ||   387
       Punch             |     1 |     1 |     7 ||     9
Throw: Boomerang         |       |    14 |     3 ||    17
Invok: Fiery Armour      |     1 |     3 |     2 ||     6
  Use: Scroll            |     5 |     8 |     8 ||    21
       Potion            |     1 |     2 |     7 ||    10
Armor: Robe              |    31 |    42 |    56 ||   129
Dodge: Dodged            |    38 |    49 |    58 ||   145

Table legend:
 A = Non-vault XP
 B = Vault XP
 C = Vault XP percentage of total XP
 D = Non-vault monster count
 E = Vault monster count
 F = Vault count percentage of total count
                 A         B        C        D         E       F
            +---------+---------+-------+---------+---------+-------
      Total |    3100 |     596 |  16.1 |     123 |      17 |  12.1
            +---------+---------+-------+---------+---------+-------
        D:1 |      53 |       0 |   0.0 |      22 |       0 |   0.0
        D:2 |      63 |       0 |   0.0 |      20 |       0 |   0.0
        D:3 |     215 |      76 |  26.1 |      25 |       2 |   7.4
        D:4 |      48 |       0 |   0.0 |      10 |       0 |   0.0
        D:5 |     455 |     520 |  53.3 |      16 |      15 |  48.4
        D:6 |     547 |       0 |   0.0 |      14 |       0 |   0.0
        D:7 |     737 |       0 |   0.0 |      13 |       0 |   0.0
        D:8 |     982 |       0 |   0.0 |       3 |       0 |   0.0
            +---------+---------+-------+---------+---------+-------
